 Dungeon Crawl Stone Soup version 0.17-a0-1210-g1e4f09d (webtiles) character file.

7077 Hanyuu the Basher (level 11, -2/71 HPs)
             Began as a Gargoyle Fighter on June 3, 2015.
             Was a Priest of Makhleb.
             Hit by a poisoned javelin thrown by Urug (15 damage)
             ... on level 10 of the Dungeon.
             The game lasted 00:30:45 (9993 turns).

Hanyuu the Basher (Gargoyle Fighter)                Turns: 9993, Time: 00:30:45

Health: -2/71      AC: 23    Str: 20    XL:     11   Next: 9%
Magic:  18/18      EV: 10    Int: 12    God:    Makhleb [***...]
Gold:   487        SH:  0    Dex:  9    Spells: 1 memorised, 16 levels left

rFire  . . .     SeeInvis .     b - +0 blowgun
rCold  + . .     Clarity  +     j - +2 ring mail {rC+}
rNeg   + . .     SustAt   .     (no shield)
rPois  ∞         Gourm    .     (no helmet)
rElec  +         Spirit   .     N - +1 cloak
rCorr  .         Warding  .     q - +2 pair of gloves {archery}
rMut   .         Stasis   .     H - +0 pair of boots
MR     .....                    Y - amulet of clarity
Stlth  ..........               (no ring)
                                (no ring)

@: not resistant to hostile enchantments, extremely unstealthy
A: negative energy resistance 1, electricity resistance, unbreathing,
petrification resistance, rot immunity, AC +7
a: Minor Destruction, Lesser Servant of Makhleb, Renounce Religion


You were on level 10 of the Dungeon.
You worshipped Makhleb.
Makhleb was most pleased with you.
You were not hungry.

You visited 2 branches of the dungeon, and saw 11 of its levels.

You collected 519 gold pieces.
You spent 32 gold pieces at shops.

Inventory:

Hand weapons
 a - a +2 flail of protection
 b - a +0 blowgun (weapon)
 d - a +0 flail
 e - a +0 whip
 n - a +0 flail of crushing
 u - the +6 quarterstaff "Ithi" {antimagic, MR+ Int+4}
   (You found it on level 6 of the Dungeon)

   It disrupts the flow of magical energy around spellcasters and certain
   magical creatures (including the wielder).
   It affects your intelligence (+4).
   It affects your resistance to hostile enchantments.
 z - a +0 mace
 S - a -1 hammer
Missiles
 v - 7 curare-tipped needles (quivered)
 A - 16 tomahawks
 X - 11 poisoned needles
Armour
 c - a +0 shield
 j - a +2 ring mail of cold resistance (worn)
 q - a +2 pair of gloves of archery (worn)
 H - a +0 pair of boots (worn)
 N - a +1 cloak (worn)
 P - a +0 steam dragon armour
 U - a +0 scale mail
Jewellery
 k - an uncursed ring of teleportation
 V - an uncursed ring of ice
 Y - an amulet of clarity (around neck)
Magical devices
 t - a wand of cold (9)
 x - a wand of slowing (13)
 y - a wand of teleportation (4)
 C - a wand of digging (8)
 F - a wand of flame (36)
 L - a wand of teleportation (4)
 O - a wand of lightning (4)
Scrolls
 h - 9 scrolls of remove curse
 l - 3 scrolls of teleportation {unknown}
 p - 2 scrolls of noise
 D - a scroll of fog
 K - a scroll of recharging {unknown}
 T - a scroll of immolation
 Z - a scroll of silence {unknown}
Potions
 f - a potion of agility
 g - a potion of ambrosia
 m - a potion of brilliance
 o - a potion of mutation {unknown}
 r - a potion of curing {unknown}
 s - a potion of lignification
 J - 5 potions of flight
 M - a potion of haste {unknown}
 Q - a potion of magic
Books
 E - a book of Envenomations

   Spells                             Type                      Level
   a - Spider Form                    Transmutation/Poison         3
   b - Alistair's Intoxication        Transmutation/Poison         4
   c - Olgreb's Toxic Radiance        Poison                       4
   d - Poisonous Cloud                Conjuration/Poison/Air       6
 R - a book of Clouds

   Spells                             Type                      Level
   a - Mephitic Cloud                 Conjuration/Poison/Air       3
   b - Conjure Flame                  Conjuration/Fire             3
   c - Poisonous Cloud                Conjuration/Poison/Air       6
   d - Freezing Cloud                 Conjuration/Ice/Air          6
   e - Ring of Flames                 Charms/Fire                  7
Comestibles
 i - 5 meat rations
 w - 3 slices of pizza
 B - a beef jerky
 G - 6 bread rations
 I - 2 fruits


   Skills:
 - Level 9.0 Fighting
 * Level 12.2 Maces & Flails
 - Level 2.0 Throwing
 + Level 7.3 Armour
 - Level 3.2 Shields
 + Level 4.8 Spellcasting


You had 16 spell levels left.
You knew the following spells:

 Your Spells              Type           Power        Failure   Level  Hunger
a - Conjure Flame         Conj/Fire      #.......     89%         3    ###....


Dungeon Overview and Level Annotations

Branches:
Dungeon (10/15)            Temple (1/1) D:7            Lair (0/8) D:10
    Orc: D:9-12

Altars:
Ashenzari
Cheibriados
Dithmenos
Elyvilon
Fedhas
Gozag
Kikubaaqudgha
Makhleb
Okawaru
Qazlal
Ru
Sif Muna
Vehumet
Yredelemnul
Zin
The Shining One

Shops:
D:10 (

Annotations:
D:10 Urug


Innate Abilities, Weirdness & Mutations

You are resistant to torment.
Your stone body is resilient (AC +7).
You are immune to poison.
You resist negative energy.
You are resistant to electric shocks.
You can survive without breathing.
You are immune to petrification.
You are immune to rotting.


Message History

Urug hits you with a great mace!
* * * LOW HITPOINT WARNING * * *
Drink which item? (? for menu, Esc to quit)
Okay, then.
Urug throws a poisoned javelin.
The poisoned javelin hits you.
* * * LOW HITPOINT WARNING * * *
You see here a poisoned javelin.
You feel less protected.
b - a +0 blowgun (weapon)
Quiver which item? (- for none, * to show all) (? for menu, Esc to quit)
Quivering
v - 8 curare-tipped needles for blowguns.
Firing (i - inventory. (,) - cycle):
v - 8 curare-tipped needles (quivered)
Press: ? - help, Shift-Dir - straight line, f - Urug
Aim: Urug, wielding a great mace and wearing a ring mail (severely wounded)
You shoot a curare-tipped needle. The curare-tipped needle hits Urug.
Urug is poisoned.
Urug convulses.
Urug seems to slow down.
Urug is almost dead.
Urug throws a poisoned javelin.
The poisoned javelin barely misses you.
Urug throws a poisoned javelin.
The poisoned javelin hits you!
You die...

..# #.######### #.# #.# ###
#.# #.# #.. #.##.# #.# #.#
#.##.###.#######.#
#o##.#.[......##.#
#.##.#........##.#
#(##.#...........# ..
#@##.###.####.#### #...
#.##.# #.# #.####
#...#####(##'###.####'##..
........(.....#.##....#..
........(.....#.##....#..
#.#...........#.##....#..
#.#...........#.##....#..
#.#.[...........##.(..#..
###......#.#..#.........'..


You could see Urug.

Vanquished Creatures
  Fannar (D:10)
  The ghost of Hanyuu the Martial Artist, an experienced OpTm of Makhleb (D:9)
  2 hill giants (D:10)
  A troll (D:9)
  The ghost of totalnoob the Ducker, an average TeGl (D:3)
  A spriggan (D:7)
  A hippogriff (D:10)
  A steam dragon (D:7)
  Edmund (D:5)
  An ice beast (D:6)
  A soldier ant (D:10)
  A sky beast (D:10)
  A necrophage (D:9)
  2 centaurs
  An orc warrior (D:8)
  2 phantoms
  A black bear (D:10)
  6 ogres
  5 giant frogs
  A water moccasin zombie (D:5)
  9 scorpions
  6 killer bees (D:8)
  3 crimson imps
  A giant frog zombie (D:8)
  4 hounds
  2 centaur skeletons
  2 iguanas
  A jelly (D:5)
  3 giant frog skeletons
  8 orc wizards
  6 orc priests
  6 worker ants
  Natasha (thrice) (D:3)
  2 hound zombies
  A worker ant zombie (D:5)
  A hound skeleton (D:6)
  4 gnolls (D:7)
  14 adders
  3 shadow imps
  2 adder skeletons
  6 worms
  5 giant geckos
  21 orcs
  2 bat zombies
  2 giant cockroaches
  15 hobgoblins
  9 jackals
  3 quokkas
  26 bats
  5 giant newts
  8 goblins
  17 kobolds
  A quokka skeleton (D:9)
  10 rats
243 creatures vanquished.

Vanquished Creatures (others)
  A human (D:8)
  2 fungi (D:8)
3 creatures vanquished.

Grand Total: 246 creatures vanquished

Notes
Turn   | Place    | Note
--------------------------------------------------------------
     0 | D:1      | Hanyuu the Gargoyle Fighter began the quest for the Orb.
     0 | D:1      | Reached XP level 1. HP: 14/14 MP: 1/1
   160 | D:1      | Reached XP level 2. HP: 19/19 MP: 2/2
   349 | D:1      | Reached XP level 3. HP: 23/23 MP: 3/3
   583 | D:2      | Reached skill level 4 in Maces & Flails
   781 | D:2      | Reached XP level 4. HP: 19/28 MP: 4/4
   963 | D:2      | Found a shadowy altar of Dithmenos.
  1190 | D:2      | You fall through a shaft!
  1596 | D:2      | Reached skill level 5 in Maces & Flails
  1596 | D:2      | Reached XP level 5. HP: 30/32 MP: 5/5
  1843 | D:3      | Noticed totalnoob's ghost (average TeGl)
  1865 | D:3      | Killed totalnoob's ghost
  1865 | D:3      | Reached skill level 6 in Maces & Flails
  1865 | D:3      | Reached XP level 6. HP: 9/38 MP: 6/6
  2543 | D:3      | Noticed Natasha
  2559 | D:3      | Killed Natasha
  2816 | D:3      | Noticed Natasha
  2821 | D:3      | Killed Natasha
  2826 | D:3      | Noticed Natasha
  2833 | D:3      | Killed Natasha
  2958 | D:4      | Found a white marble altar of Elyvilon.
  3334 | D:4      | Reached XP level 7. HP: 18/44 MP: 7/7
  3825 | D:5      | Entered Level 5 of the Dungeon
  3917 | D:5      | Reached skill level 7 in Maces & Flails
  4082 | D:5      | Found an opulent altar of Gozag.
  4116 | D:5      | Reached skill level 5 in Fighting
  4195 | D:5      | Noticed Edmund
  4207 | D:5      | Killed Edmund
  4207 | D:5      | Reached skill level 1 in Throwing
  4444 | D:5      | Reached XP level 8. HP: 36/49 MP: 8/8
  4525 | D:5      | Reached skill level 8 in Maces & Flails
  4779 | D:5      | Found a basalt altar of Yredelemnul.
  5348 | D:6      | Found an ancient bone altar of Kikubaaqudgha.
  5349 | D:6      | Found an iron altar of Okawaru.
  5394 | D:6      | Reached skill level 5 in Armour
  5465 | D:6      | Got a bloodstained quarterstaff
  5467 | D:6      | Identified the +6 quarterstaff "Ithi" {antimagic, MR+ Int+4} (You found it on level 6 of the Dungeon)
  5931 | D:7      | Reached skill level 9 in Maces & Flails
  5931 | D:7      | Reached XP level 9. HP: 34/56 MP: 9/9
  6206 | D:7      | Found a staircase to the Ecumenical Temple.
  6221 | Temple   | Entered the Ecumenical Temple
  6260 | Temple   | Became a worshipper of Makhleb the Destroyer
  6529 | D:8      | Reached skill level 1 in Spellcasting
  6544 | D:8      | Reached skill level 10 in Maces & Flails
  6753 | D:8      | Found a shattered altar of Ashenzari.
  6755 | D:8      | Found an ancient bone altar of Kikubaaqudgha.
  6761 | D:8      | Acquired Makhleb's first power
  6891 | D:8      | Learned a level 3 spell: Conjure Flame
  7517 | D:8      | Acquired Makhleb's second power
  7696 | D:8      | Reached XP level 10. HP: 57/64 MP: 4/13
  7855 | D:9      | Noticed Hanyuu's ghost (experienced OpTm)
  7880 | D:9      | Killed Hanyuu's ghost
  7880 | D:9      | Reached skill level 11 in Maces & Flails
  8989 | D:10     | Entered Level 10 of the Dungeon
  8989 | D:10     | Noticed a hill giant
  9004 | D:10     | Killed a hill giant
  9260 | D:10     | Found Qaromp's Weapon Boutique.
  9264 | D:10     | Bought a +0 blowgun for 32 gold pieces
  9376 | D:10     | Noticed Fannar
  9430 | D:10     | Killed Fannar
  9459 | D:10     | Acquired Makhleb's third power
  9686 | D:10     | Found a staircase to the Lair.
  9786 | D:10     | Noticed a hill giant
  9804 | D:10     | Killed a hill giant
  9804 | D:10     | Reached skill level 12 in Maces & Flails
  9804 | D:10     | Reached XP level 11. HP: 61/71 MP: 16/18
  9965 | D:10     | Noticed Urug
  9993 | D:10     | Hit by a poisoned javelin thrown by Urug

Vault maps used:
D:1:      evilmike_arrival_plus, glass_columns_a
D:2:      lemuel_doored_altar
D:3:      kennysheep_potato, uniq_natasha
D:4:      kennysheep_little_box, minmay_misc_feat_cross
D:5:      overflow_temple_1_default, yredelemnul_altar_generic, first_bread,
          minivault_5, uniq_edmund
D:6:      minitemple
D:7:      minmay_temple_entry_hall, the_bakery
D:8:      old_forge, old_standard_altar, tgw_kikubaaqudgha
D:10:     lair_0_dummy, serial_shops, shop, uniq_urug, uniq_fannar
Temple:   circular_temple_12

Action                   |  1- 3 |  4- 6 |  7- 9 | 10-12 || total
-------------------------+-------+-------+-------+-------++-------
Melee: Flail             |   122 |   218 |   490 |   135 ||   965
       Quarterstaff      |       |       |    28 |   120 ||   148
 Fire: Blowgun           |       |       |       |     1 ||     1
Throw: Tomahawk          |       |     2 |       |       ||     2
  Use: Scroll            |       |     8 |    10 |     1 ||    19
       Potion            |       |     1 |     2 |     1 ||     4
  Eat: Chunk             |       |     4 |    15 |     4 ||    23
       Bread ration      |       |     1 |       |       ||     1
       Fruit             |       |       |       |     4 ||     4
